[Event "Team 45 45 League T27"]
[Site "Internet Chess Club"]
[Date "2005.06.20"]
[Round "1"]
[White "room-matt"]
[Black "fledermaus"]
[Result "0-1"]
[WhiteElo "1830"]
[BlackElo "2081"]
[TimeControl "2700+45"]

1. e4 c6 2. d4 d5 3. e5 Bf5 4. c3 e6 5. Be2 c5 6. Nf3 Nc6 7. O-O Bg4 8. Be3 cxd4
9. cxd4 Nge7 10. Nc3 Nf5 11. Na4 Be7 12. Rc1 Bxf3 13. Bxf3 Rc8 14. Qd2 O-O 15.
Bg4 b6 16. a3 Qd7 17. Nc3 Na5 18. Bxf5 exf5 19. Qd3 Nc4 20. Rc2 b5 21. Bf4 a6
22. Qg3 Rc6 23. Qf3 Nb6 24. b4 Rfc8 25. Rfc1 Rc4 26. Qd3 g6 27. Ne2 R8c6 28. h3
Qc8 29. Nc3 Kf8 30. Kh2 Na4 31. Bd2 Nxc3 32. Rxc3 Rxc3 33. Rxc3 Rxc3 34. Bxc3
Qc4 35. Qxc4 bxc4 36. Kg3 Ke8 37. Kf3 Kd7 38. a4 Ke6 39. g3 f6 40. exf6 Bxf6 41.
Ke3 Bd8 42. b5 axb5 43. axb5 Be7 44. b6 Kd7 45. Ba5 Kc6 46. Kf4 Bf6 47. Ke3 Kb7
48. f3 Ka6 49. g4 Bg5+ 50. f4 Be7 51. gxf5 gxf5 52. b7 Kxb7 53. Bc3 Kb6 54. Kd2
Bd6 55. Ke3 Kb5 56. h4 h5 57. Ba1 Kb4 58. Bb2 Kb3 59. Bc1 Kc2 60. Bd2 Bxf4+
{White resigns} 0-1

[Event "Team 45 45 League T27"]
[Site "Internet Chess Club"]
[Date "2005.06.17"]
[Round "1"]
[White "viking99"]
[Black "chessateer"]
[Result "1/2-1/2"]
[WhiteElo "1855"]
[BlackElo "1823"]
[TimeControl "2700+45"]

1. e4 e5 2. Nf3 Nf6 3. Nxe5 d6 4. Nf3 Nxe4 5. d4 d5 6. Bd3 Be7 7. O-O O-O 8. Re1
Nf6 9. Bf4 Bg4 10. Nbd2 Nc6 11. c3 h6 12. h3 Be6 13. Ne5 Nxe5 14. dxe5 Nd7 15.
Qh5 Bg5 16. Bxg5 Qxg5 17. Qxg5 hxg5 18. Nf3 g4 19. hxg4 Bxg4 20. Nh2 Be6 21. f4
g6 22. Nf3 Nc5 23. Bc2 Rad8 24. b4 Nd7 25. Ng5 Bg4 26. Bd1 Bxd1 27. Raxd1 Nb6
28. e6 Rd6 29. exf7+ Kg7 30. Re8 Nd7 31. Kf2 Nf6 32. Rde1 Ne4+ 33. Nxe4 dxe4 34.
Rxf8 Kxf8 35. Rxe4 Rd2+ 36. Re2 Rd3 37. Rc2 Kxf7 38. Ke2 Rg3 39. Kf2 Rd3 40. c4
Kf6 41. g4 Rh3 42. Kg2 Rd3 43. c5 Rd4 44. a3 Rxf4 45. Kg3 Rd4 46. Rc3 {Game
drawn by mutual agreement} 1/2-1/2

[Event "Team 45 45 League T27"]
[Site "Internet Chess Club"]
[Date "2005.06.21"]
[Round "1"]
[White "GolferBob"]
[Black "bmw2002"]
[Result "1-0"]
[WhiteElo "1797"]
[BlackElo "1628"]
[TimeControl "2700+45"]

1. d4 Nf6 2. Nf3 g6 3. Bf4 Bg7 4. e3 d6 5. Bd3 Nh5 6. Bg5 Bg4 7. Nbd2 Qd7 8. c3
Nc6 9. Bb5 a6 10. Qa4 Rb8 11. Bd3 e6 12. h3 Bxf3 13. Nxf3 Ne7 14. Qxd7+ Kxd7 15.
e4 Rhd8 16. Bc2 Nf6 17. e5 Nfd5 18. exd6 cxd6 19. a4 Rdc8 20. Bd2 Nc6 21. a5 b5
22. Be4 Nf6 23. Bd3 d5 24. Bf4 Rb7 25. Ne5+ Ke7 26. h4 Nd7 27. Nxc6+ Rxc6 28. h5
b4 29. Rc1 bxc3 30. Rxc3 Rxc3 31. bxc3 Rb3 32. Kd2 Ra3 33. Bc7 Ra2+ 34. Bc2 Bh6+
35. f4 g5 36. g3 Nf6 37. Kc1 Ne4 38. Bxe4 dxe4 39. Kb1 Rf2 40. Re1 f5 41. c4
gxf4 42. gxf4 Bxf4 43. Bxf4 Rxf4 44. c5 Kd7 45. Kc2 Rf2+ 46. Kc3 Ra2 47. Rb1
Rxa5 48. Rb7+ Kc8 49. Re7 Ra3+ 50. Kb2 Rd3 51. Rxe6 Rxd4 52. Rxa6 e3 53. Kc3 Re4
54. Ra1 f4 55. Kd3 Re7 56. Ke2 Kb7 57. Rf1 Rf7 58. Rc1 Kc6 59. Kf3 Kd5 60. c6
Re7 61. c7 e2 62. c8=Q e1=Q 63. Qc6+ Kd4 64. Qc4+ Ke5 65. Rxe1+ {Black resigns}
1-0

[Event "Team 45 45 League T27"]
[Site "Internet Chess Club"]
[Date "2005.06.20"]
[Round "1"]
[White "GoIrish"]
[Black "jantonio"]
[Result "0-1"]
[WhiteElo "1601"]
[BlackElo "1678"]
[TimeControl "2700+45"]

1. Nf3 d6 2. g3 Nf6 3. Bg2 g6 4. O-O Bg7 5. d3 O-O 6. e4 Nc6 7. Nc3 Ng4 8. Bd2
Nge5 9. Nxe5 Nxe5 10. f4 Ng4 11. Qe2 Bd4+ 12. Kh1 c6 13. h3 Nf6 14. g4 h5 15. g5
Nd7 16. Be3 Bg7 17. Rf3 b5 18. Raf1 a5 19. d4 Ba6 20. b4 axb4 21. Nd1 Bb7 22. c3
bxc3 23. Nxc3 b4 24. Qb2 Ba6 25. Ne2 c5 26. f5 Bxe2 27. Qxe2 cxd4 28. f6 exf6
29. Bxd4 fxg5 30. Bxg7 Kxg7 31. Qb2+ Ne5 32. Rf6 Kg8 33. Qxb4 Rxa2 34. Rxd6 Qa5
35. Qd4 Ra4 36. Qd1 Ra8 37. Rd5 Qc7 38. Qb3 Ra1 39. Qb2 Rxf1+ 40. Bxf1 Nf3 41.
Qf6 Qh2# {White checkmated} 0-1

[Event "Team 45 45 League T27"]
[Site "Internet Chess Club"]
[Date "2005.06.22"]
[Round "1"]
[White "DocHoliday"]
[Black "Wevey"]
[Result "1-0"]
[WhiteElo "1922"]
[BlackElo "1866"]
[TimeControl "2700+45"]

1. e4 c5 2. Nf3 d6 3. d4 cxd4 4. Nxd4 Nf6 5. Nc3 a6 6. Bg5 Nbd7 7. Bc4 Qa5 8.
Qd2 e6 9. O-O-O b5 10. Nb3 Qc7 11. Bd3 Be7 12. f4 Bb7 13. a3 Rd8 14. Rhe1 Nc5
15. Kb1 d5 16. Nxc5 Qxc5 17. Bxf6 Bxf6 18. e5 Be7 19. g4 Qb6 20. Ne2 O-O 21. Nd4
g6 22. c3 Bc5 23. f5 Rfe8 24. f6 Bf8 25. h4 h6 26. h5 Kh7 27. Qc2 {Black
resigns} 1-0

[Event "Team 45 45 League T27"]
[Site "Internet Chess Club"]
[Date "2005.06.18"]
[Round "1"]
[White "Kingofknights"]
[Black "orkid"]
[Result "0-1"]
[WhiteElo "1730"]
[BlackElo "1826"]
[TimeControl "2700+45"]

1. d4 Nf6 2. c4 g6 3. Nc3 Bg7 4. e4 d6 5. f3 O-O 6. Be3 Nfd7 7. h4 c5 8. h5 Nc6
9. d5 Nd4 10. Nge2 Nxe2 11. Bxe2 Qa5 12. hxg6 fxg6 13. Qd2 Rf7 14. f4 Nf6 15. e5
dxe5 16. fxe5 Ng4 17. Bxg4 Bxg4 18. e6 Rf5 19. Rh4 h5 20. Ne2 Qxd2+ 21. Kxd2 b6
22. Nf4 g5 23. Ng6 Bf6 24. Rhh1 Kg7 25. Nxe7 Bxe7 26. a3 Rd8 27. Rhf1 Rxf1 28.
Rxf1 Bxe6 29. Kc3 Bg4 30. Rf2 Kg6 31. Rd2 Bd6 32. b4 Re8 33. Bg1 Re2 34. bxc5
bxc5 35. Rxe2 Bxe2 36. Bf2 h4 37. Be1 Kf5 38. Bf2 Bf1 39. g3 h3 {White resigns}
0-1

[Event "Team 45 45 League T27"]
[Site "Internet Chess Club"]
[Date "2005.06.19"]
[Round "1"]
[White "Chessnut"]
[Black "DaveTheRook"]
[Result "0-1"]
[WhiteElo "1749"]
[BlackElo "1697"]
[TimeControl "2700+45"]

1. e4 g6 2. d4 Bg7 3. c4 d6 4. Nf3 Nf6 5. Nc3 O-O 6. Be2 c6 7. O-O Nbd7 8. Be3
Qc7 9. h3 e5 10. d5 c5 11. Bd3 a6 12. a3 Nh5 13. b4 Nf4 14. Bc2 b6 15. Ne2 Nxe2+
16. Qxe2 Nf6 17. bxc5 bxc5 18. Rfb1 Bd7 19. Rb2 Rab8 20. Rab1 Rxb2 21. Rxb2 Rb8
22. Bd3 Rb6 23. Qc2 Qb7 24. Rxb6 Qxb6 25. Qb1 Qxb1+ 26. Bxb1 Ba4 27. Nd2 h5 28.
f3 Kh7 29. Ba2 Bh6 30. Kf2 Bxe3+ 31. Kxe3 Ng8 32. Bb3 Bd7 33. Nb1 Kh6 34. Nc3
Kg5 35. Kf2 Kh4 36. Ba4 Nf6 37. Bxd7 Nxd7 38. Na4 f5 39. exf5 gxf5 40. Nb2 Nb6
41. a4 a5 42. g4 hxg4 43. hxg4 fxg4 44. fxg4 Kxg4 45. Ke3 Kf5 46. Kf3 e4+ 47.
Ke3 Ke5 48. Ke2 Kd4 {White resigns} 0-1

[Event "Team 45 45 League T27"]
[Site "Internet Chess Club"]
[Date "2005.06.16"]
[Round "1"]
[White "az2112"]
[Black "RingLord"]
[Result "1/2-1/2"]
[WhiteElo "1655"]
[BlackElo "1591"]
[TimeControl "2700+45"]

1. Nf3 d5 2. d4 Bf5 3. Bf4 e6 4. e3 Nf6 5. h3 h6 6. Nbd2 Nbd7 7. Rc1 Be7 8. Be2
O-O 9. O-O Rc8 10. c4 c5 11. Qb3 b6 12. Rfd1 dxc4 13. Nxc4 Nd5 14. Bd6 Rc6 15.
Bxe7 Qxe7 16. Nce5 Rc7 17. Nxd7 Qxd7 18. dxc5 Qc8 19. Qa3 bxc5 20. Ne5 Nb6 21.
Ba6 Qb8 22. Rxc5 Rxc5 23. Qxc5 Na4 24. Qa3 Qxe5 25. Qxa4 Qxb2 26. Bd3 Bxd3 27.
Rxd3 Rc8 28. Rd1 Rc1 29. Rxc1 Qxc1+ 30. Kh2 Qc7+ 31. Kg1 Qc1+ {Game drawn by
mutual agreement} 1/2-1/2

[Event "Team 45 45 League T27"]
[Site "Internet Chess Club"]
[Date "2005.06.19"]
[Round "1"]
[White "billarvola"]
[Black "Mikey29a"]
[Result "1/2-1/2"]
[WhiteElo "1946"]
[BlackElo "1648"]
[TimeControl "2700+45"]

1. d4 Nf6 2. c4 c5 3. Nf3 g6 4. Nc3 Bg7 5. d5 e6 6. e4 exd5 7. cxd5 d6 8. Be2
O-O 9. O-O a6 10. a4 Nbd7 11. Bf4 Ne8 12. Nd2 Ndf6 13. Nc4 Rb8 14. a5 Qe7 15. e5
dxe5 16. Bxe5 Nd7 17. Bxb8 Nxb8 18. Bf3 Nd6 19. Re1 Qd8 20. Nxd6 Qxd6 21. Ne4
Qd8 22. Qc1 Nd7 23. Ra3 Bd4 24. Nd6 Ne5 25. Nxc8 Nxf3+ 26. Rxf3 Qxc8 27. Qh6 Re8
28. Rxe8+ Qxe8 29. Qd2 Qe4 30. Qd1 Qxd5 31. Rd3 Qa2 32. h4 Qxb2 33. Rd2 Qc3 34.
Ra2 Qc4 35. Re2 Qd5 36. Qa4 Qh5 {Game drawn by mutual agreement} 1/2-1/2

[Event "Team 45 45 League T27"]
[Site "Internet Chess Club"]
[Date "2005.06.19"]
[Round "1"]
[White "budz"]
[Black "nminwalla"]
[Result "1-0"]
[WhiteElo "1629"]
[BlackElo "1891"]
[TimeControl "2700+45"]

1. e4 c5 2. Nf3 d6 3. d4 cxd4 4. Nxd4 Nf6 5. Nc3 a6 6. Bc4 e6 7. f3 Nbd7 8. Be3
Qc7 9. Bb3 Nc5 10. Qd2 Be7 11. O-O-O b5 12. g4 Bb7 13. h4 Rc8 14. h5 Nxb3+ 15.
Nxb3 Nd7 16. g5 Ne5 17. Qg2 Nc4 18. Bf4 Nxb2 19. Kxb2 Qxc3+ 20. Kb1 d5 21. exd5
Bxd5 22. g6 Bxf3 23. gxf7+ Kf8 24. Qf2 Bxh1 25. Rxh1 a5 26. h6 Bf6 27. hxg7+
Bxg7 28. Bd6# {Black checkmated} 1-0

[Event "Team 45 45 League T27"]
[Site "Internet Chess Club"]
[Date "2005.06.18"]
[Round "1"]
[White "vvsi"]
[Black "scyther314159"]
[Result "1-0"]
[WhiteElo "1766"]
[BlackElo "1571"]
[TimeControl "2700+45"]

1. e4 e5 2. Nf3 Nc6 3. d4 exd4 4. Nxd4 Bc5 5. Be3 Qf6 6. c3 Qg6 7. Qf3 Nxd4 8.
Bxd4 Be7 9. Nd2 d6 10. Bb5+ c6 11. Be2 Bf6 12. Qg3 Bxd4 13. cxd4 f5 14. Bh5 Qxh5
15. Qxg7 Bd7 16. Qxh8 O-O-O 17. d5 fxe4 18. dxc6 Bxc6 19. Qc3 Nh6 20. f3 exf3
21. Nxf3 Kb8 22. O-O-O Bxf3 23. Qxf3 Qg5+ 24. Kb1 Ng4 25. Qg3 Qg6+ 26. Ka1 Qe6
27. Rhe1 Ne5 28. Rxe5 dxe5 29. Rxd8+ Kc7 30. Rd1 {Black resigns} 1-0

[Event "Team 45 45 League T27"]
[Site "Internet Chess Club"]
[Date "2005.06.16"]
[Round "1"]
[White "HiLo"]
[Black "ChessicStudent"]
[Result "1-0"]
[WhiteElo "1311"]
[BlackElo "1465"]
[TimeControl "2700+45"]

1. g4 d5 2. Bg2 e6 3. c4 c5 4. Qb3 Ne7 5. Nc3 dxc4 6. Qxc4 Ng6 7. Qb5+ Qd7 8.
Qb3 Nc6 9. d3 Nd4 10. Qd1 Nh4 11. Bh3 Qc6 12. f3 Bd6 13. Bg5 Be7 14. Bxe7 Kxe7
15. Qd2 Ng6 16. O-O-O Rd8 17. Kb1 e5 18. e3 Nb5 19. f4 Qxh1 20. Nxb5 Qc6 21. Nc3
c4 22. Bg2 Qc5 23. d4 exd4 24. exd4 Qd6 25. Nb5 Qxf4 26. Qb4+ Kd7 27. Qxc4 Ne7
28. Rf1 Qxg4 29. Bh3 {Black resigns} 1-0

[Event "Team 45 45 League T27"]
[Site "Internet Chess Club"]
[Date "2005.06.17"]
[Round "1"]
[White "iwulu"]
[Black "bhim"]
[Result "1/2-1/2"]
[WhiteElo "2325"]
[BlackElo "2298"]
[TimeControl "2700+45"]

1. d4 Nf6 2. Nf3 g6 3. c4 Bg7 4. Nc3 d5 5. cxd5 Nxd5 6. e4 Nxc3 7. bxc3 c5 8.
Bb5+ Bd7 9. Bxd7+ Qxd7 10. Rb1 Nc6 11. Be3 Rd8 12. e5 O-O 13. O-O cxd4 14. cxd4
b6 15. Qe2 Na5 16. Rfd1 e6 17. Bg5 Rc8 18. Bf6 Rc6 19. Qe3 Rfc8 20. h4 h5 21. g4
hxg4 22. Nh2 Rc3 23. Qg5 g3 24. fxg3 Qd5 25. Bxg7 Rc2 26. Rd2 Rc1+ 27. Rxc1
Rxc1+ 28. Kf2 Qh1 29. Ke2 Qxh2+ 30. Kd3 Qh1 31. Rf2 Qd1+ 32. Ke4 Qe1+ 33. Kf3
Kxg7 34. Qf6+ Kg8 35. Kg4 Qe4+ 36. Rf4 Qe2+ 37. Rf3 Qe4+ 38. Rf4 Qb7 39. Kg5 Kh7
40. h5 {Game drawn by mutual agreement} 1/2-1/2

[Event "Team 45 45 League T27"]
[Site "Internet Chess Club"]
[Date "2005.06.21"]
[Round "1"]
[White "Catalog"]
[Black "SkinnyPuppy"]
[Result "0-1"]
[WhiteElo "2084"]
[BlackElo "2228"]
[TimeControl "2700+45"]

1. e4 d5 2. d4 dxe4 3. Nc3 Nf6 4. f3 exf3 5. Qxf3 c6 6. h3 Be6 7. Bd3 Nd5 8.
Nge2 Nd7 9. O-O N7f6 10. Bd2 Nxc3 11. bxc3 Bd5 12. Qe3 b5 13. a4 a6 14. axb5
axb5 15. Rae1 e6 16. Nf4 Be7 17. Qe2 Ra4 18. Nh5 Nxh5 19. Qxh5 Bf6 20. g4 g6 21.
Qh6 Rf8 22. g5 Be7 23. h4 Qc7 24. Bf4 Bd6 25. Bxd6 Qxd6 26. Re5 Qa3 27. Rxd5
exd5 28. Qg7 Qe7 29. Rf6 Ra1+ 30. Kg2 Qe3 31. Rf2 Re1 32. Qf6 Qe6 33. Qf4 Kd7
34. Qg3 Re3 35. Rf3 Rxf3 36. Qxf3 f5 37. Qd1 f4 38. Be2 Kc7 39. Bf3 Re8 40. Qa1
Kb7 41. c4 dxc4 42. Qa5 Ra8 43. Qxb5+ Kc7 44. Qc5 Ra2 45. Kf1 Qh3+ 46. Ke1 Qg3+
47. Ke2 Qh2+ 48. Ke1 Ra1+ 49. Bd1 Qg1+ 50. Ke2 Qxd1+ 51. Kf2 Qf1# {White
checkmated} 0-1

[Event "Team 45 45 League T27"]
[Site "Internet Chess Club"]
[Date "2005.06.17"]
[Round "1"]
[White "Burning-Bush"]
[Black "thunderchicken"]
[Result "0-1"]
[WhiteElo "2125"]
[BlackElo "2052"]
[TimeControl "2700+45"]

1. e4 c6 2. Nc3 d5 3. Nf3 dxe4 4. Nxe4 Nf6 5. Nxf6+ exf6 6. d4 Bd6 7. Bd3 O-O 8.
O-O Bg4 9. h3 Bh5 10. Be3 Nd7 11. Bf5 Qc7 12. g4 Bg6 13. Nh4 Rfe8 14. c4 Rad8
15. Qf3 c5 16. Nxg6 cxd4 17. Bxd4 fxg6 18. Bxd7 Rxd7 19. Rfd1 Qxc4 20. Bxa7 Qa4
21. Be3 Red8 22. b3 Qb5 23. Rac1 Be5 24. Rxd7 Qxd7 25. Bb6 Re8 26. Kg2 Qe6 27.
Be3 Qd7 28. Rc4 g5 29. Rb4 b5 30. a4 bxa4 31. Rxa4 Qb5 32. Bd2 Rd8 33. Ra8 Bb8
34. Ba5 Re8 35. b4 Kf7 36. Qb3+ Kg6 37. Qf3 Kh6 38. Qd1 Qe5 39. Qf3 Rc8 40. b5
Qh2+ 41. Kf1 Rc1+ 42. Be1 Qe5 43. Qe2 Qd5 44. Qe3 Qh1+ {White resigns} 0-1

[Event "Team 45 45 League T27"]
[Site "Internet Chess Club"]
[Date "2005.06.17"]
[Round "1"]
[White "lastmanstanding"]
[Black "Gregorio"]
[Result "0-1"]
[WhiteElo "1928"]
[BlackElo "2202"]
[TimeControl "2700+45"]

1. e4 e5 2. Nf3 Nc6 3. d4 exd4 4. c3 d5 5. exd5 Qxd5 6. Be2 Bf5 7. cxd4 O-O-O 8.
Nc3 Qd7 9. O-O Nxd4 10. Nxd4 Qxd4 11. Qe1 Bd6 12. Nb5 Qe5 13. Nxd6+ Rxd6 14. Bd2
Nf6 15. Bb4 Re6 16. Bc4 Nd5 17. Qd2 Rh6 18. f4 Qe3+ 19. Rf2 Qxd2 20. Bxd2 Rd8
21. h3 Rc6 22. Bb3 h5 23. Re1 f6 24. Bxd5 Rxd5 25. Re8+ Rd8 26. Re7 Rc2 27. Bc3
Rxf2 28. Kxf2 Rg8 29. Kf3 Kd8 30. Re2 Re8 31. Rd2+ Ke7 32. Rd5 Be6 33. Rxh5 Bxa2
34. Rc5 c6 35. Bb4 Ke6 36. Rh5 Bd5+ 37. Kf2 b6 38. g4 a5 39. Bc3 Be4 40. f5+ Kf7
41. Kg3 c5 42. Kf4 Bc2 43. g5 Bxf5 44. gxf6 Bg6 45. Rd5 gxf6 46. Rd7+ Re7 47.
Rd6 Re4+ 48. Kf3 Re6 49. Rd7+ Ke8 50. Rg7 Be4+ 51. Kf4 Kf8 52. Ra7 Bc2 53. h4
Bg6 54. h5 Bxh5 55. Kf5 Rc6 56. Bxf6 Be8 57. Be7+ Kg8 58. Rb7 Rh6 59. Bf6 b5 60.
Ke6 a4 61. Rg7+ Kf8 62. Rg5 Bf7+ 63. Ke5 Ke8 64. Rg7 b4 65. Rg3 Kd7 66. Rg7 Rh5+
67. Bg5 Kc6 68. Ke4 Kb5 69. Be3 Bb3 70. Ra7 Bc2+ 71. Kf4 Rf5+ 72. Kg4 Rf1 73.
Rc7 Rf5 74. Ra7 Rd5 75. Kf3 Kc4 76. Ra5 Rf5+ 77. Ke2 Re5 78. Kd2 Rxe3 79. Kxe3
Kb3 80. Kd2 Kxb2 81. Rxc5 b3 {White resigns} 0-1

[Event "Team 45 45 League T27"]
[Site "Internet Chess Club"]
[Date "2005.06.17"]
[Round "1"]
[White "trikmamak"]
[Black "Lilly"]
[Result "0-1"]
[WhiteElo "2205"]
[BlackElo "2334"]
[TimeControl "2700+45"]

1. e4 c5 2. Nf3 d6 3. d4 cxd4 4. Nxd4 Nf6 5. Nc3 a6 6. f3 e6 7. Be3 b5 8. g4 Bb7
9. Qd2 Be7 10. O-O-O Nc6 11. Kb1 b4 12. Na4 Nxd4 13. Bxd4 d5 14. e5 Nd7 15. b3
Bc6 16. Nb2 a5 17. f4 a4 18. Nd3 Qa5 19. h4 Bb5 20. f5 Bxd3 21. Bxd3 Nc5 22. f6
gxf6 23. exf6 Bd6 24. Qe3 axb3 25. axb3 Qa2+ 26. Kc1 Nxb3+ 27. cxb3 Rc8+ 28. Bc4
dxc4 {White resigns} 0-1

[Event "Team 45 45 League T27"]
[Site "Internet Chess Club"]
[Date "2005.06.18"]
[Round "1"]
[White "Yarosavich"]
[Black "Vombat"]
[Result "1-0"]
[WhiteElo "2264"]
[BlackElo "2206"]
[TimeControl "2700+45"]

1. e4 e5 2. Nf3 Nc6 3. Bb5 Nf6 4. O-O Ng4 5. h3 h5 6. c3 d6 7. d4 Nf6 8. dxe5
Nxe4 9. Qd5 Nc5 10. Ng5 Be6 11. Nxe6 fxe6 12. Bxc6+ bxc6 13. Qxc6+ Kf7 14. b4
Nd7 15. exd6 Bxd6 16. Nd2 Ne5 17. Qe4 Qf6 18. f4 Nd7 19. Nf3 Rab8 20. Ne5+ Ke8
21. Qc6 Rd8 22. Bb2 Ke7 23. Rae1 Nb8 24. Qe4 Rh6 25. c4 Qf5 26. Nc6+ {Black
resigns} 1-0

[Event "Team 45 45 League T27"]
[Site "Internet Chess Club"]
[Date "2005.06.18"]
[Round "1"]
[White "onslaught"]
[Black "StormRyder"]
[Result "0-1"]
[WhiteElo "2147"]
[BlackElo "2037"]
[TimeControl "2700+45"]

1. e4 e5 2. Nf3 Nc6 3. Bb5 a6 4. Ba4 Nf6 5. O-O b5 6. Bb3 d6 7. Ng5 d5 8. exd5
Nd4 9. Re1 Bd6 10. c3 Nxb3 11. axb3 Bg4 12. f3 Bf5 13. d4 Nxd5 14. dxe5 Bc5+ 15.
Kh1 O-O 16. b4 Bf2 17. Rf1 Ne3 18. Bxe3 Bxe3 19. Qxd8 Rfxd8 20. Nh3 Bxh3 21.
gxh3 Bf4 22. Re1 Rd5 23. Na3 Rad8 24. Nc2 Rd2 25. Nd4 Rxh2+ 26. Kg1 Rxb2 27. Re4
Bd2 28. Nc6 Rd3 29. Kg2 Bf4+ 30. Kg1 Rxf3 31. Rxa6 Bh2+ {White resigns} 0-1

[Event "Team 45 45 League T27"]
[Site "Internet Chess Club"]
[Date "2005.06.18"]
[Round "1"]
[White "taroak"]
[Black "fledermaus"]
[Result "0-1"]
[WhiteElo "1885"]
[BlackElo "2022"]
[TimeControl "2700+45"]

1. e4 Nf6 2. e5 Nd5 3. c4 Nb6 4. d4 d6 5. exd6 exd6 6. Be3 Bf5 7. Nc3 Be7 8. b3
O-O 9. Bd3 Bxd3 10. Qxd3 Nc6 11. Nge2 Bf6 12. O-O d5 13. c5 Nc8 14. Nf4 Nb4 15.
Qb1 c6 16. a3 Na6 17. Ra2 Nxc5 18. Ncxd5 Nd7 19. Nxf6+ Nxf6 20. Re1 Nb6 21. Rae2
Nbd5 22. Qd3 Qd7 23. Bd2 Rfe8 24. Re5 Nxf4 25. Bxf4 Rxe5 26. Bxe5 Nd5 27. Qg3 f6
28. Bb8 Qd8 29. Bd6 Rc8 30. h4 Qd7 31. h5 h6 32. Re4 f5 33. Re1 Re8 34. Rxe8+
Qxe8 35. Be5 Qf7 36. b4 Kh7 37. Qf3 Kg8 38. Qd1 Nf6 39. Bxf6 Qxf6 40. d5 Qd6 41.
Qd4 Qxd5 42. Qxd5+ cxd5 43. f4 Kf7 44. Kf2 d4 45. a4 Ke6 46. Ke2 Kd5 47. Kd3 b6
48. a5 bxa5 49. bxa5 a6 50. g3 Kc5 51. Kc2 Kc4 52. Kd2 d3 53. Kc1 Kc3 {White
resigns} 0-1      **ANNOUNCEMENT** from ROBOadmin: "help event2" for a list of
all the upcoming events on the Internet Chess Club!

[Event "Team 45 45 League T27"]
[Site "Internet Chess Club"]
[Date "2005.06.16"]
[Round "1"]
[White "f5"]
[Black "Ruger"]
[Result "1-0"]
[WhiteElo "2345"]
[BlackElo "2123"]
[TimeControl "2700+45"]

1. e4 c5 2. Nc3 a6 3. g3 Nc6 4. Bg2 e6 5. d3 Be7 6. Be3 Nf6 7. f4 h5 8. h3 d5 9.
e5 d4 10. exf6 Bxf6 11. Bxc6+ bxc6 12. Ne4 dxe3 13. Nxf6+ Qxf6 14. b3 h4 15. g4
Qxf4 16. Qf3 Qd4 17. Qxc6+ Ke7 18. Qxa8 Qxa1+ 19. Ke2 e5 20. Qe4 Rh6 21. Qxe3
Bb7 22. Rh2 Qd4 23. Rf2 Rf6 24. Nf3 Qxe3+ 25. Kxe3 Bxf3 26. Rxf3 Rxf3+ 27. Kxf3
Ke6 28. c3 g6 29. g5 Kf5 30. b4 cxb4 31. cxb4 Kxg5 32. a4 Kf5 33. b5 axb5 34. a5
b4 35. Ke3 e4 36. dxe4+ Ke5 37. a6 f5 38. exf5 gxf5 39. a7 {Black resigns} 1-0

[Event "Team 45 45 League T27"]
[Site "Internet Chess Club"]
[Date "2005.06.19"]
[Round "1"]
[White "EdBorowski"]
[Black "Kolibri"]
[Result "1-0"]
[WhiteElo "2073"]
[BlackElo "2045"]
[TimeControl "2700+45"]

1. d4 Nf6 2. c4 e6 3. Bg5 d5 4. cxd5 exd5 5. Nc3 Be7 6. Nf3 h6 7. Bh4 c6 8. e3
Bf5 9. Bd3 Ne4 10. Bxe7 Qxe7 11. Bxe4 Bxe4 12. Nxe4 dxe4 13. Ne5 Nd7 14. Nxd7
Qxd7 15. O-O O-O 16. Rc1 Qd5 17. b3 Qa5 18. Qe2 Rad8 19. Rc5 Qa3 20. Qc2 Rfe8
21. f3 exf3 22. Rxf3 Qb4 23. Qc3 Qxc3 24. Rxc3 Rd5 25. Rf1 Re6 26. g3 f5 27. Kf2
h5 28. Rfc1 g6 29. Rc5 Rd7 30. b4 a6 31. a4 h4 32. gxh4 f4 33. Re5 fxe3+ 34.
Kxe3 Red6 35. Re4 Rd5 36. Rc5 R5d6 37. h5 Kh7 38. b5 axb5 39. axb5 cxb5 40. Rxb5
b6 41. hxg6+ Kxg6 42. h4 Rh7 43. d5 Rh5 44. Rd4 Kf5 45. Kd3 Ke5 46. Rb2 Rh8 47.
Rg2 Rdh6 48. d6 Rxh4 49. Re2+ Kf6 50. Rxh4 {Black resigns} 1-0

[Event "Team 45 45 League T27"]
[Site "Internet Chess Club"]
[Date "2005.06.21"]
[Round "1"]
[White "trevor21"]
[Black "DeLaSalle"]
[Result "1-0"]
[WhiteElo "2184"]
[BlackElo "2041"]
[TimeControl "2700+45"]

1. d4 d5 2. c4 c6 3. Nf3 Nf6 4. Nc3 a6 5. a4 e6 6. Bf4 Bb4 7. e3 Ne4 8. Qc2 O-O
9. Bd3 f5 10. O-O Nd7 11. Ne5 Nxe5 12. Bxe5 g5 13. f3 Nxc3 14. bxc3 Bd6 15. f4
dxc4 16. Bxc4 g4 17. g3 b6 18. Rab1 b5 19. Ba2 Qe7 20. c4 Bd7 21. c5 Bxe5 22.
dxe5 h5 23. Rfd1 h4 24. Rd6 hxg3 25. hxg3 bxa4 26. Rbd1 Ra7 27. Qxa4 Rb8 28.
R1d2 Rab7 29. Qxa6 Qh7 30. Qf1 Ra8 31. Bc4 Rba7 32. Qg2 Ra1+ 33. Bf1 R8a7 34.
Qh2 Qe7 35. Qh6 R1a2 36. Rxa2 Rxa2 37. Qg6+ Kf8 38. Qf6+ Ke8 39. Qh8+ Kf7 40.
Qh7+ Ke8 41. Qg8+ {Black resigns} 1-0

[Event "Team 45 45 League T27"]
[Site "Internet Chess Club"]
[Date "2005.06.18"]
[Round "1"]
[White "DTK"]
[Black "Amauta"]
[Result "0-1"]
[WhiteElo "1955"]
[BlackElo "1999"]
[TimeControl "2700+45"]

1. e4 c5 2. Nf3 Nc6 3. d4 cxd4 4. Nxd4 e5 5. Nb5 d6 6. N1c3 a6 7. Na3 h6 8. Nc4
b5 9. Ne3 Nf6 10. a3 Be7 11. Be2 O-O 12. O-O Nd4 13. Ned5 Bb7 14. Nxf6+ Bxf6 15.
Nd5 Nxe2+ 16. Qxe2 Bxd5 17. exd5 Qc8 18. Be3 Qf5 19. Rfd1 Rfc8 20. c3 Rc4 21. f3
Rac8 22. Rac1 Bg5 23. Rd2 Rh4 24. g3 Rhc4 25. Rdc2 Bxe3+ 26. Qxe3 Rd4 27. cxd4
Rxc2 28. Rxc2 Qxc2 29. dxe5 Qb1+ 30. Kg2 Qxb2+ 31. Kh3 Qxe5 32. Qb3 Qd4 33. Kg2
f5 34. Kf1 g5 35. Kg2 Kf7 36. Qc2 Qxd5 37. Qc7+ Kg6 38. Qe7 Qe5 39. Qf8 Qe2+ 40.
Kg1 Qe6 41. Kg2 d5 42. Qc5 f4 43. g4 Qe2+ {White resigns} 0-1

[Event "Team 45 45 League T27"]
[Site "Internet Chess Club"]
[Date "2005.06.19"]
[Round "1"]
[White "Khaifas"]
[Black "Quoyle"]
[Result "1-0"]
[WhiteElo "2577"]
[BlackElo "2401"]
[TimeControl "2700+45"]

1. e4 e5 2. Nf3 Nc6 3. Bb5 a6 4. Ba4 Nf6 5. d3 b5 6. Bb3 Be7 7. Nbd2 d6 8. c3
O-O 9. O-O Na5 10. Bc2 c5 11. Re1 Nd7 12. Nf1 Nb6 13. Ng3 Nc6 14. h3 Be6 15. Qe2
Re8 16. Be3 Qc7 17. Ng5 Bxg5 18. Bxg5 f6 19. Be3 Rac8 20. Bb3 Nd8 21. Rad1 c4
22. dxc4 Nxc4 23. Bc1 Nf7 24. Qf3 Ng5 25. Qe2 Nf7 26. Qf3 Ng5 27. Bxg5 fxg5 28.
Bxc4 Bxc4 29. Nf5 Rcd8 30. Qh5 Bxa2 31. Rxd6 g6 32. Rxg6+ hxg6 33. Qxg6+ Kh8 34.
Qf6+ Kh7 35. Qh6+ Kg8 36. Qxg5+ Kh8 37. Qh6+ Qh7 38. Qf6+ Kg8 39. Re3 {Black
resigns} 1-0

[Event "Team 45 45 League T27"]
[Site "Internet Chess Club"]
[Date "2005.06.16"]
[Round "1"]
[White "phoenix10q72"]
[Black "Rubberband-Man"]
[Result "0-1"]
[WhiteElo "2296"]
[BlackElo "2291"]
[TimeControl "2700+45"]

1. e4 e6 2. d3 c5 3. Nc3 Nc6 4. g3 Be7 5. Bg2 Nf6 6. f4 d5 7. e5 Nd7 8. Qg4 O-O
9. Bd2 b5 10. Nf3 b4 11. Nd1 Ba6 12. h4 Nb6 13. Nf2 c4 14. Ng5 cxd3 15. Qh5 h6
16. Ng4 dxc2 17. f5 Nxe5 18. Nxe5 Bd6 19. Ngxf7 Bxe5 20. Nxh6+ gxh6 21. Qg6+ Bg7
22. Bxh6 Qc7 23. Qxe6+ Kh8 24. Bf4 Qc5 25. Be3 d4 26. Bxd4 c1=Q+ 27. Rxc1 Qxc1+
28. Kf2 Bxd4+ 29. Kf3 Qd2 30. Kg4 Qxg2 31. Qh6+ Kg8 32. Qg6+ Bg7 33. Qe6+ Kh8
34. Re1 Rad8 35. Qg6 Rd4+ 36. Kh5 Qf3+ 37. g4 Rxg4 38. Qxg4 Rxf5+ {White
resigns} 0-1

[Event "Team 45 45 League T27"]
[Site "Internet Chess Club"]
[Date "2005.06.18"]
[Round "1"]
[White "WFN2"]
[Black "megamaster"]
[Result "0-1"]
[WhiteElo "2187"]
[BlackElo "2221"]
[TimeControl "2700+45"]

1. d4 Nf6 2. Nf3 e6 3. Bf4 d5 4. e3 Bd6 5. Ne5 Nbd7 6. Nd2 O-O 7. Bd3 Be7 8. c3
c5 9. h4 cxd4 10. exd4 Nxe5 11. dxe5 Nd7 12. Bxh7+ Kxh7 13. Qh5+ Kg8 14. Nf3 f6
15. Ng5 fxg5 16. hxg5 Rf5 17. Qh7+ Kf7 18. g6+ Ke8 19. Qxg7 Rxf4 20. Qh8+ Rf8
21. g7 Qc7 22. Rh5 Qc4 23. O-O-O Qxa2 24. Rd4 Nc5 25. Kc2 Bd7 26. gxf8=Q+ Bxf8
27. Rhh4 Ba4+ 28. Rxa4 Nxa4 29. Rb4 Nc5 30. Rf4 Qb3+ 31. Kb1 Kd7 32. Qh5 Nd3 33.
Rf7+ Kc6 {White resigns} 0-1